 Dungeon Crawl Stone Soup version 0.29.1-2-gbd0b4ee654 (webtiles) character file.

Game seed: 12514343691824449726

13972 nshep25 the Slicer (level 11, -3/86 HPs)
             Began as a Demonspawn Gladiator on Nov 9, 2022.
             Slain by a reaper
             ... wielding a +1 scythe of freezing
              (35 damage)
             ... in an ice cave.
             The game lasted 00:42:08 (12100 turns).

nshep25 the Slicer (Demonspawn Gladiator)          Turns: 12100, Time: 00:42:09

Health: -3/86      AC: 17    Str: 14    XL:     11   Next: 82%
Magic:  11/11      EV: 15    Int: 17    God:
Gold:   409        SH:  5    Dex: 19    Spells: 10/10 levels left

rFire   + . .      SeeInvis .   a - +4 rapier (flame)
rCold   + + .      Faith    .   (no shield)
rNeg    . . .      Spirit   .   B - +3 leather armour {rC+}
rPois   +          Reflect  +   D - +0 hat
rElec   .          Harm     .   f - +1 cloak {rPois}
rCorr   .          Rampage  .   S - +0 pair of gloves {Stlth+}
Will    .....                   n - +2 pair of boots
Stlth   +++++.....              F - amulet of the Devil's Team {Reflect Regen+ SH+5}
HPRegen 1.04/turn               g - ring of protection from cold
MPRegen 0.12/turn               u - ring of Simoxt {Contam rF+ AC+4 Int+7 Stlth+}

@: no status effects
A: horns 2, foul stench 2
a: no special abilities


You were in an ice cave.
You visited 3 branches of the dungeon, and saw 12 of its levels.
You also visited: Sewer and Ice Cave.

You collected 757 gold pieces.
You spent 348 gold pieces at shops.

Inventory:

Hand Weapons
 a - a +4 rapier of flaming (weapon)
 b - a +1 hand crossbow
Missiles
 d - 3 throwing nets (quivered)
Armour
 f - a +1 cloak of poison resistance (worn)
 n - a +2 pair of boots (worn)
 B - a +3 leather armour of cold resistance (worn)
 C - a +0 pair of gloves
 D - a +0 hat (worn)
 E - +0 steam dragon scales
 L - +0 acid dragon scales
 R - an orb of energy
 S - a +0 pair of gloves of stealth (worn)
 T - a +0 scale mail of cold resistance
Jewellery
 e - a ring of poison resistance
 g - a ring of protection from cold (left hand)
 l - a +6 ring of dexterity
 u - the ring of Simoxt (right hand) {Contam rF+ AC+4 Int+7 Stlth+}
   (You found it on level 9 of the Dungeon)

   [ring of protection]

   AC:        It affects your AC (+4).
   Int:       It affects your intelligence (+7).
   rF:        It protects you from fire.
   Contam:    It causes magical contamination when unequipped.
   Stlth:     It makes you more stealthy.
 w - a +6 ring of dexterity
 A - a ring of protection from cold
 F - the amulet of the Devil's Team (around neck) {Reflect Regen+ SH+5}
   (You found it on level 4 of the Dungeon)

   [amulet of reflection]

   It reflects blocked missile attacks.
   Regen:     It increases your rate of health regeneration.
   SH:        It affects your SH (+5).
 H - the amulet "Noukyh" {RegenMP rPois rC+ Regen+ Str-2}
   (You took it off a goblin on level 4 of the Dungeon)

   [amulet of magic regeneration]

   It increases your rate of magic regeneration.
   Str:       It affects your strength (-2).
   rC:        It protects you from cold.
   rPois:     It protects you from poison.
   Regen:     It increases your rate of health regeneration.
 N - a ring of wizardry
 O - an amulet of guardian spirit
Wands
 p - a wand of digging (2)
 t - a wand of mindburst (11)
 y - a wand of paralysis (15)
 I - a wand of light (5)
 J - a wand of iceblast (25)
 K - a wand of flame (14)
 M - a wand of polymorph (6)
Scrolls
 i - a scroll of blinking
 j - 2 scrolls of poison
 k - 2 scrolls of fear
 m - a scroll of enchant armour
 o - 4 scrolls of teleportation
 G - 4 scrolls of amnesia
 U - a scroll of magic mapping
Potions
 c - 2 potions of heal wounds
 h - 4 potions of ambrosia
 q - 3 potions of mutation {unknown}
 r - 2 potions of curing {unknown}
 s - a potion of flight {unknown}
 v - 2 potions of haste
 x - 4 potions of might {unknown}
 z - 2 potions of degeneration {unknown}
 P - 3 potions of brilliance
 Q - 2 potions of invisibility {unknown}


   Skills:
 + Level 8.0 Fighting
 + Level 10.3 Short Blades
 + Level 7.8 Ranged Weapons
 + Level 1.8 Throwing
 + Level 5.0 Armour
 + Level 6.6 Dodging
 + Level 4.3 Stealth
 + Level 4.6 Shields


You had 10 spell levels left.
You didn't know any spells.
Your spell library contained the following spells:

 Spells                   Type           Power      Damage    Failure   Level
 Sublimation of Blood     Necr           0%         N/A       41%         2
 Frozen Ramparts          Ice            0%         1d1       65%         3
 Tukima's Dance           Hex            0%         N/A       65%         3
 Anguish                  Hex/Necr       0%         N/A       96%         4
 Animate Armour           Summ/Erth      0%         N/A       96%         4
 Ice Form                 Ice/Tmut       0%         N/A       96%         4
 Passage of Golubria      Tloc           0%         N/A       96%         4
 Petrify                  Tmut/Erth      0%         N/A       96%         4
 Summon Ice Beast         Ice/Summ       0%         N/A       96%         4
 Blade Hands              Tmut           0%         N/A       100%        5
 Irradiate                Conj/Tmut      0%         3d11      100%        5
 Iskenderun's Battlesphe  Conj           0%         2d6       100%        5
 Silence                  Hex/Air        0%         N/A       100%        5
 Yara's Violent Unravell  Hex/Tmut       0%         3d3       100%        5
 Iron Shot                Conj/Erth      0%         9d1       100%        6
 Enfeeble                 Hex            0%         N/A       100%        7
 Spellforged Servitor     Conj/Summ      0%         N/A       100%        7
 Discord                  Hex            0%         N/A       100%        8


Dungeon Overview and Level Annotations

Branches:
Dungeon (10/15)            Temple (1/1) D:6            Lair (1/5) D:10
    Orc (0/2) D:10          Sewer (visited)           IceCv (1/1)

Altars:
Ashenzari
Cheibriados
Dithmenos
Fedhas
Gozag
Hepliaklqana
Kikubaaqudgha
Makhleb
Nemelex Xobeh
Okawaru
Qazlal
Ru
Sif Muna
Trog
Uskayaw
Vehumet
Wu Jian
Xom
Yredelemnul

Shops:
D:1 =   D:2 [*=([   D:4 (   D:8 =

Annotations:
D:8 2 transporters, qeuew's ghost, novice SpHu


Innate Abilities, Weirdness & Mutations

You have a pair of horns on your head.
You sometimes emit foul miasma when damaged in melee.


Message History

The harpy simulacrum is severely damaged.
The harpy simulacrum claws you! The harpy simulacrum freezes you. You resist.
You block the harpy simulacrum's attack.
The harpy simulacrum claws you! The harpy simulacrum freezes you. You resist.
You block the harpy simulacrum's attack.
You hit the harpy simulacrum.
You melt the harpy simulacrum.
The harpy simulacrum is almost destroyed.
The harpy simulacrum claws you.
* * * LOW HITPOINT WARNING * * *
The harpy simulacrum freezes you. You resist.
* * * LOW HITPOINT WARNING * * *
The harpy simulacrum closely misses you.
You feel much better. The harpy simulacrum misses you. x2
The harpy simulacrum claws you but does no damage.
The harpy simulacrum barely misses you.
You feel much better.
The harpy simulacrum claws you but does no damage.
The harpy simulacrum barely misses you. The harpy simulacrum claws you!
The harpy simulacrum freezes you. You resist.
The harpy simulacrum claws you but does no damage.
The harpy simulacrum misses you.
The harpy simulacrum claws you but does no damage.
You hit the harpy simulacrum.
You melt the harpy simulacrum.
The harpy simulacrum is almost destroyed.
The harpy simulacrum closely misses you.
The harpy simulacrum claws you but does no damage.
You puncture the harpy simulacrum!
You melt the harpy simulacrum.
The harpy simulacrum vaporises!
The reaper hits you from afar with a +1 scythe of freezing!!
The reaper freezes you.
The reaper is engulfed in freezing vapours.
The reaper barely misses you.
You puncture the reaper! You burn the reaper.
You headbutt the reaper, but do no damage.
The reaper is lightly wounded.
You hit the reaper but do no damage.
You headbutt the reaper, but do no damage.
The reaper is lightly wounded.
The reaper hits you with a +1 scythe of freezing!!
You die...

##.#####.# #.##
##.# ##.####..#
##.##..##
##.##.##
#.##..# .
##.##.## ..
#.###..## ...
##@.###..## ..2
#2### #...# #Z.
#Z#.###...#
#Z.##....###..#
#....#≈##≈#..#
##.##≈≈#≈≈##.#
###≈≈≈≈≈≈##.#
#≈≈≈≈≈≈#.##
≈≈≈≈≈≈≈#.#


You could see a reaper and a cane toad simulacrum.

Vanquished Creatures
  Gastronok (D:8)
  2 hydras (D:9)
  Erica (D:8)
  2 two-headed ogres (D:10)
  A cyclops (D:9)
  Maurice (D:9)
  An ice statue (IceCv)
  2 komodo dragons (Lair:1)
  Prince Ribbit (D:7)
  A wraith (D:8)
  A dire elephant simulacrum (IceCv)
  A steam dragon (D:8)
  8 yaks
  3 wyverns
  A death yak simulacrum (IceCv)
  4 harpy simulacra (IceCv)
  An acid dragon (D:10)
  6 water moccasins
  4 orc warriors
  An ice beast (D:8)
  3 centaurs (D:8)
  An ogre (D:6)
  6 wolves (Lair:1)
  6 kobold brigands
  2 phantoms
  4 bullfrogs
  2 scorpions (D:5)
  3 necrophages
  8 two-headed ogre simulacra (IceCv)
  3 cane toad simulacra (IceCv)
  12 wights
  2 howler monkeys
  Crazy Yiuf (D:2)
  5 hounds
  3 orc priests (D:7)
  2 iguanas
  6 orc wizards
  5 polar bear simulacra (IceCv)
  8 spriggan simulacra (IceCv)
  2 troll simulacra (IceCv)
  A wolf simulacrum (IceCv)
  8 adders
  4 river rats (Sewer)
  6 naga simulacra (IceCv)
  5 white imps
  7 ufetubi
  2 worms
  5 dart slugs
  28 orcs
  11 ball pythons
  7 endoplasms
  2 giant cockroaches (D:4)
  8 goblins
  7 hobgoblins
  13 jackals
  2 quokkas (D:4)
  5 bats
  4 frilled lizards
  30 kobolds
  20 rats
302 creatures vanquished.

Vanquished Creatures (others)
  A fungus (D:2)
  14 plants (Sewer)
15 creatures vanquished.

Grand Total: 317 creatures vanquished

Notes
Turn   | Place    | Note
-------+----------+-------------------------------------------
     0 | D:1      | nshep25 the Demonspawn Gladiator began the quest for the
                  | Orb.
     0 | D:1      | Reached XP level 1. HP: 16/16 MP: 1/1
   164 | D:1      | Reached skill level 3 in Short Blades
   164 | D:1      | Gained mutation: You have a pair of small horns on your
                  | head. [demonic ancestry]
   164 | D:1      | Reached XP level 2. HP: 22/22 MP: 2/2
   476 | D:1      | Found Quosoix's Jewellery Shop.
  1051 | D:2      | Gained mutation: You may rarely emit foul miasma when
                  | damaged in melee. [demonic ancestry]
  1051 | D:2      | Reached XP level 3. HP: 23/27 MP: 3/3
  1096 | D:2      | Found Ecsif's Antique Armour Emporium.
  1141 | D:2      | Found Migara's Weapon Emporium.
  1646 | D:2      | Found Tis Roer's Jewellery Emporium.
  1724 | D:2      | Found Meiddiph's Antique Armour Emporium.
  1725 | D:2      | Found Hivon's Assorted Antiques.
  1741 | D:2      | Reached skill level 1 in Armour
  1917 | D:2      | Found a runed translucent door.
  1918 | D:2      | Noticed Crazy Yiuf
  1925 | D:2      | Killed Crazy Yiuf
  1926 | D:2      | Reached XP level 4. HP: 21/34 MP: 4/4
  2273 | D:3      | Found a burning altar of Makhleb.
  2384 | D:3      | Reached XP level 5. HP: 24/39 MP: 5/5
  2665 | D:3      | Reached skill level 4 in Short Blades
  3136 | D:3      | Found a faded altar of an unknown god.
  3376 | D:4      | Identified the amulet of the Devil's Team {Reflect Regen+
                  | SH+5}
  3483 | D:4      | Identified the amulet "Noukyh" {RegenMP rPois rC+ Regen+
                  | Str-2}
  3666 | D:4      | Identified the +1 robe "Azot" {Regen+ Str-4 Archmagi}
  3984 | D:4      | Found Heziev's Antique Weapon Shoppe.
  4174 | D:5      | Entered Level 5 of the Dungeon
  4198 | D:5      | Reached skill level 1 in Stealth
  4198 | D:5      | Reached XP level 6. HP: 26/47 MP: 6/6
  4337 | D:4      | Bought a glowing rapier for 168 gold pieces
  4437 | D:5      | Noticed a water moccasin
  4457 | D:5      | Killed a water moccasin
  4458 | D:5      | Reached skill level 1 in Shields
  4458 | D:5      | Gained mutation: You have a pair of horns on your head.
                  | [demonic ancestry]
  4458 | D:5      | Reached XP level 7. HP: 43/52 MP: 7/7
  4510 | D:5      | Reached skill level 5 in Short Blades
  5029 | D:6      | Found a staircase to the Ecumenical Temple.
  5038 | Temple   | Entered the Ecumenical Temple
  5456 | D:6      | Found a glowing drain.
  5478 | Sewer    | Entered a sewer
  5869 | Sewer    | Reached XP level 8. HP: 54/60 MP: 8/8
  6254 | D:6      | Reached skill level 6 in Short Blades
  7029 | D:7      | Reached skill level 7 in Short Blades
  7069 | D:7      | Identified the +5 whip of Responsibility {vorpal, +Blink
                  | rF- Dex+6 Stlth+}
  7072 | D:7      | Noticed Prince Ribbit
  7082 | D:7      | Killed Prince Ribbit
  7100 | D:7      | Reached XP level 9. HP: 66/66 MP: 9/9
  7127 | D:7      | Reached skill level 5 in Dodging
  7758 | D:8      | Reached skill level 8 in Short Blades
  7781 | D:8      | Noticed Erica
  7802 | D:8      | Killed Erica
  7803 | D:8      | Reached skill level 5 in Fighting
  7803 | D:8      | Reached skill level 1 in Ranged Weapons
  7928 | D:8      | Found Hydo's Jewellery Shoppe.
  7967 | D:8      | Found a transporter.
  7971 | D:8      | Noticed qeuew's ghost (novice SpHu)
  8084 | D:8      | Noticed Gastronok
  8137 | D:8      | Killed Gastronok
  8138 | D:8      | Gained mutation: You sometimes emit foul miasma when
                  | damaged in melee. [demonic ancestry]
  8138 | D:8      | Reached XP level 10. HP: 14/76 MP: 10/10
  8610 | D:8      | Found a transporter.
  8864 | D:2      | Bought a runed cloak for 180 gold pieces
  9181 | D:9      | Reached skill level 9 in Short Blades
  9204 | D:9      | Reached skill level 5 in Ranged Weapons
  9254 | D:9      | Noticed Maurice
  9513 | D:9      | Noticed a six-headed hydra
  9530 | D:9      | Noticed a cyclops
  9541 | D:9      | Killed a six-headed hydra
  9572 | D:9      | Noticed a seven-headed hydra
  9580 | D:9      | Killed a seven-headed hydra
  9589 | D:9      | Killed a cyclops
  9590 | D:9      | Reached XP level 11. HP: 13/83 MP: 11/11
  9662 | D:9      | Identified the ring of Simoxt {Contam rF+ AC+4 Int+7
                  | Stlth+}
  9827 | D:9      | Killed Maurice
  9988 | D:10     | Entered Level 10 of the Dungeon
 10057 | D:10     | Found a staircase to the Lair.
 10075 | D:10     | Found a staircase to the Orcish Mines.
 10177 | D:10     | Noticed a two-headed ogre
 10180 | D:10     | Killed a two-headed ogre
 10438 | D:10     | Found an iron altar of Okawaru.
 10438 | D:10     | Found a broken altar of Ashenzari.
 10482 | D:10     | Noticed a two-headed ogre
 10488 | D:10     | Killed a two-headed ogre
 10781 | Lair:1   | Entered Level 1 of the Lair of Beasts
 10855 | Lair:1   | Reached skill level 10 in Short Blades
 11087 | Lair:1   | Identified the +4 chain mail of Birdsong {Harm Will-
                  | Slay+4}
 11229 | Lair:1   | Found a frozen archway.
 11238 | IceCv    | Entered an ice cave
 11694 | IceCv    | Got the Collected Works on the Cursed Rocks
 11737 | IceCv    | Reached skill level 5 in Armour
 12082 | IceCv    | Noticed a reaper
 12100 | IceCv    | Slain by a reaper

Illustrated notes

Levels and vault maps discovered:
D:1:      ncdulo_smallfort, layout_basic, serial_shops, shop,
          minmay_misc_feat_nine_boxes
D:2:      layout_basic, serial_shops, nicolae_shop_overgrown_old_shop, shop,
          nicolae_diamond_shop, shop, nicolae_shop_bloodbath_and_beyond,
          kennysheep_generic_room_16, uniq_crazy_yiuf_cottage
D:3:      layout_basic, bloody_makhleb, shapermc_ecumenical_altar_pompeii
D:4:      layout_loops_ring, nicolae_inconvenience_store
D:5:      layout_rooms
D:6:      layout_basic, temple_fountains, portal_sewer_entry_a
D:7:      layout_basic, uniq_prince_ribbit1
D:8:      layout_gridville, serial_shops, shop_statue, gammafunk_ghost_smash,
          kennysheep_pointless_box, minmay_misc_feat_hallway,
          minmay_diced_spiral, uniq_erica, uniq_gastronok
D:9:      minmay_chambers_of_sixes, layout_loops_cross, uniq_maurice
D:10:     layout_layer_cave, nicolae_overflow_hidden_temple, lair_entry_dummy
Temple:   compressed_dpeg_triangle_lava_temple
Lair:1:   gammafunk_worm_tunnel, layout_cellular_growth,
          portal_ice_cave_entry_pillars_2, grunt_megastairs_5, uniq_harold
IceCv:    ice_cave_caverns_02

Skill      XL: |  1  2  3  4  5  6  7  8  9 10 11 |
---------------+----------------------------------+-----
Short Blades   | 3 4 5 7 8 9 10 | 10.3
Dodging        | 3 4 5 6 |  6.6
Armour         | 1 2 4 5 |  5.0
Fighting       | 3 4 6 8 |  8.0
Stealth        | 1 2 3 4 |  4.3
Shields        | 1 2 3 4 |  4.6
Ranged Weapons | 3 5 7 |  7.8
Throwing       | |  1.8

Action                   |  1- 3 |  4- 6 |  7- 9 | 10-12 || total
-------------------------+-------+-------+-------+-------++-------
Melee: Rapier            |   104 |   201 |   295 |   261 ||   861
       Punch             |     3 |     4 |     4 |     3 ||    14
       Headbutt          |    18 |    26 |    56 |    84 ||   184
 Fire: Hand crossbow     |       |       |    30 |   149 ||   179
  Use: Scroll            |       |       |    16 |     6 ||    22
       Potion            |       |       |       |     2 ||     2
 Stab: Sleeping          |     1 |     2 |     3 |     1 ||     7
Armor: Leather armour    |     9 |    33 |    49 |    89 ||   180
       Ring mail         |    21 |    24 |       |       ||    45
Dodge: Dodged            |    52 |   105 |   117 |   210 ||   484
Block: Other             |       |    20 |    36 |    67 ||   123
       Reflection        |       |       |     2 |     2 ||     4
